 Dungeon Crawl Stone Soup version 0.27.1-3-gb3d3a73c9e (webtiles) character file.

Game seed: 16475201703003567736

115 Dustman the Ogre Mage (level 5, -3/53 HPs)
             Began as an Ogre Transmuter on Oct 18, 2021.
             Slain by a black bear (4 damage)
             ... on level 4 of the Dungeon.
             The game lasted 00:10:38 (1519 turns).

Dustman the Ogre Mage (Ogre Transmuter)             Turns: 1519, Time: 00:10:40

Health: -3/53      AC:  3    Str: 12 (15) XL:     5   Next: 0%
Magic:  8/10       EV:  9    Int: 13 (14) God:
Gold:   85         SH:  0    Dex:  6 (9)  Spells: 8/11 levels left

rFire    . . .     SeeInvis .     - Unarmed
rCold    . . .     Faith    .   (no shield)
rNeg     . . .     Spirit   .   a - +0 robe
rPois    .         Reflect  .   (helmet currently unavailable)
rElec    .         Harm     .   (no cloak)
rCorr    .         Rampage  .   (gloves unavailable)
Will     .....                  (boots unavailable)
Stlth    +.........             (no amulet)
HPRegen  0.17/turn              (no ring)
MPRegen  0.12/turn              (no ring)

@: brilliant, appendages (expiring), wereblooded (expiring)
A: horns 2, talons 2, large, unfitting armour, tough skin 1
a: End Transformation


You were on level 4 of the Dungeon.
You had temporarily grown beastly horns and talons.
You visited 1 branch of the dungeon, and saw 5 of its levels.

You collected 85 gold pieces.

Inventory:

Hand Weapons
 c - a +7 dagger of venom
Armour
 a - a +0 robe (worn)
Wands
 h - a wand of iceblast (16)
Scrolls
 b - a scroll of enchant armour {unknown}
 d - 3 scrolls of identify
 g - a scroll of noise {unknown}
 j - a scroll of holy word {unknown}


   Skills:
 + Level 3.2 Fighting
 - Level 1.7 Dodging
 + Level 3.3 Unarmed Combat
 + Level 3.5 Spellcasting
 + Level 2.6 Transmutations


You had 8 spell levels left.
You knew the following spells:

 Your Spells              Type           Power      Damage    Failure   Level
a - Beastly Appendage     Tmut           26%        N/A       8%          1
b - Wereblood             Tmut           13%        N/A       11%         2

Your spell library contained the following spells:

 Spells                   Type           Power      Damage    Failure   Level
 Spider Form              Tmut/Pois      4%         N/A       36%         3
 Ice Form                 Ice/Tmut       8%         N/A       77%         4


Dungeon Overview and Level Annotations

Branches:
Dungeon (5/15)
 Temple: D:4-7

Altars:
Dithmenos
Uskayaw
Wu Jian

Shops:
D:4 ?


Innate Abilities, Weirdness & Mutations

You have temporarily grown beastly horns and talons.
You are too large for most types of armour.
You have tough skin. (AC +1)


Message History

The black bear is moderately wounded.
You feel sick.
You are no longer poisoned.
The black bear bites you but does no damage.
The black bear claws you. The black bear closely misses you.
You hit the black bear. You claw the black bear.
The black bear is heavily wounded.
The black bear barely misses you. The black bear claws you.
* * * LOW HITPOINT WARNING * * *
The black bear claws you but does no damage.
You feel better.
Your primal bloodlust is almost over.
The black bear bites you but does no damage.
The black bear claws you. x2
You aren't carrying any potions.
You barely miss the black bear.
The black bear is heavily wounded.
The black bear bites you but does no damage.
The black bear claws you but does no damage.
The black bear closely misses you.
You closely miss the black bear.
The black bear is heavily wounded.
You howl as the wereblood boils in your veins!
The black bear bites you.
The black bear claws you but does no damage.
The black bear barely misses you.
You hit the black bear.
The black bear is severely wounded.
The black bear barely misses you. The black bear claws you.
* * * LOW HITPOINT WARNING * * *
The black bear claws you.
* * * LOW HITPOINT WARNING * * *
You hit the black bear but do no damage.
The black bear is severely wounded.
The black bear bites you!
* * * LOW HITPOINT WARNING * * *
The black bear claws you.
* * * LOW HITPOINT WARNING * * *
The black bear claws you.
You die...

## ..#..# .......
### .....#..# #@#
.....!.....###h###
....#.........n..#
#..#.........>.##
# #.............##
. #............#
.### #..........##
.#.###....)......#
................##


You could see a black bear and a necrophage.

Vanquished Creatures
  Jessica (D:2)
  Terence (D:2)
  3 adders
  2 dart slugs
  2 orcs
  3 endoplasms
  A goblin (D:4)
  2 hobgoblins
  2 quokkas
  5 ball pythons
  3 bats
  3 frilled lizards
  9 kobolds
  2 rats (D:3)
39 creatures vanquished.

Notes
Turn   | Place    | Note
-------+----------+-------------------------------------------
     0 | D:1      | Dustman the Ogre Transmuter began the quest for the Orb.
     0 | D:1      | Reached XP level 1. HP: 19/19 MP: 3/3
   237 | D:2      | Found an ornate altar of the Wu Jian Council.
   262 | D:2      | Reached XP level 2. HP: 24/28 MP: 3/5
   266 | D:2      | Noticed Jessica
   269 | D:2      | Killed Jessica
   270 | D:2      | Reached XP level 3. HP: 14/36 MP: 4/7
   522 | D:2      | Noticed a necrophage
   540 | D:1      | Learned a level 2 spell: Wereblood
   732 | D:1      | Identified the +5 scale mail of the Eight Ships {*Slow
                  | Regen+ Str+7 Int-5}
   865 | D:2      | Noticed Terence
   877 | D:2      | Killed Terence
   878 | D:2      | Reached XP level 4. HP: 39/44 MP: 8/8
  1011 | D:4      | Found Kuacoan's Magic Scroll Shop.
  1018 | D:4      | Noticed an ogre
  1190 | D:3      | Found a hide-covered altar of Uskayaw.
  1200 | D:3      | Found a faded altar of an unknown god.
  1415 | D:5      | Entered Level 5 of the Dungeon
  1419 | D:5      | Found a shadowy altar of Dithmenos.
  1421 | D:5      | Noticed an orc warrior
  1442 | D:4      | Noticed a necrophage
  1491 | D:4      | Noticed a black bear
  1510 | D:4      | Reached XP level 5. HP: 37/53 MP: 7/10
  1519 | D:4      | HP: 1/53 [black bear (4)]
  1519 | D:4      | Slain by a black bear

Illustrated notes

Levels and vault maps discovered:
D:1:      lightli_iron_boxes, layout_loops_ring, nrook_loot_triangle
D:2:      layout_rooms, basic_altar, uniq_jessica, uniq_terence
D:3:      layout_loops_ring, amcnicky_altar_gilded,
          hellmonk_ecumenical_altar_run_dry
D:4:      layout_cave_pools, chequers_temple_overflow_minitemple, corexii_shack,
          nicolae_stop_n_shop_1
D:5:      layout_loops_ring, nicolae_dithmenos_the_darkroom, grunt_gozag_statues

Skill      XL: |  1  2  3  4 |
---------------+-------------+-----
Fighting       | 2 3 |  3.2
Unarmed Combat | 3 |  3.3
Spellcasting   | 3 |  3.5
Transmutations | 2 |  2.6
Dodging        | |  1.7

Action                   |  1- 3 |  4- 6 || total
-------------------------+-------+-------++-------
Melee: Unarmed           |    57 |    62 ||   119
       Kick              |     8 |    10 ||    18
       Headbutt          |     3 |     8 ||    11
 Cast: Beastly Appendage |    12 |    13 ||    25
       Wereblood         |     1 |     1 ||     2
  Use: Potion            |     3 |     4 ||     7
       Scroll            |     2 |     1 ||     3
Armor: Robe              |    25 |    19 ||    44
Dodge: Dodged            |    26 |    31 ||    57
